 Dungeon Crawl Stone Soup version 0.23.2-11-gf996548c65 (webtiles) character file.

Game seed: 3987768965574633426

43 Gazerockf the Sneak (level 3, 0/21 HPs)
             Began as a Kobold Hunter on June 4, 2019.
             Succumbed to a killer bee's poison
             ... on level 2 of the Dungeon.
             The game lasted 00:03:18 (1648 turns).

Gazerockf the Sneak (Kobold Hunter)                 Turns: 1648, Time: 00:03:19

Health: 0/21       AC:  6    Str:  9    XL:     3   Next: 82%
Magic:  3/3        EV: 14    Int: 12    God:
Gold:   31         SH:  0    Dex: 16    Spells: 2/2 levels left

rFire    . . .     SeeInvis .   b - +0 short sword
rCold    . . .     Gourm    .   (shield restricted)
rNeg     . . .     Faith    .   c - +0 leather armour
rPois    +         Spirit   .   p - +0 helmet
rElec    .         Reflect  .   q - +0 cloak {rPois}
rCorr    .         Harm     .   i - +0 pair of gloves
MR       .....                  (no boots)
Stlth    +++.......             (no amulet)
HPRegen  0.07/turn              (no ring)
MPRegen  0.08/turn              (no ring)

@: lethally poisoned (0 -> -5)
A: small, carnivore
a: no special abilities


You were on level 2 of the Dungeon.
You were completely stuffed.

You visited 1 branch of the dungeon, and saw 2 of its levels.

You collected 31 gold pieces.

Inventory:

Hand Weapons
 a - a +1 hand crossbow
 b - a +0 short sword (weapon)
Missiles
 d - 19 bolts
 k - 12 poisoned needles
Armour
 c - a +0 leather armour (worn)
 h - a +0 helmet
 i - a +0 pair of gloves (worn)
 p - a +0 helmet (worn)
 q - a +0 cloak of poison resistance (worn)
Scrolls
 e - a scroll of remove curse
 j - 3 scrolls of fear {unknown}
 l - a scroll of enchant weapon {unknown}
 m - a scroll of immolation {unknown}
 r - 3 scrolls of identify {unknown}
Potions
 g - 3 potions of haste {unknown}
 n - a potion of flight {unknown}
 o - a potion of curing {unknown}
 t - a potion of lignification {unknown}
Comestibles
 f - 6 rations


   Skills:
 - Level 2.1 Fighting
 - Level 4.8 Crossbows
 - Level 2.4 Dodging
 + Level 4.9 Stealth


You had 2 spell levels left.
You didn't know any spells.
Your spell library was empty.

Dungeon Overview and Level Annotations

Branches:
Dungeon (2/15)

Altars:
Elyvilon


Innate Abilities, Weirdness & Mutations

You are small and have problems with some larger weapons.
You are carnivorous and can eat meat at any time.


Message History

A killer bee comes into view.
A hobgoblin comes into view. It is wielding a +0 club.
The killer bee barely misses you. The killer bee closely misses you.
The killer bee misses you.
You miss the killer bee. The killer bee stings you! The killer bee stings you.
You closely miss the killer bee. The killer bee stings you. x2
* * * LOW HITPOINT WARNING * * *
You are lethally poisoned!
The killer bee poisons you!
You miss the killer bee.
* * * LOW HITPOINT WARNING * * *
You feel sick.
The killer bee stings you but does no damage.
The killer bee misses you.
You closely miss the killer bee. The killer bee barely misses you.
The killer bee stings you.
* * * LOW HITPOINT WARNING * * *
You miss the killer bee.
You die...

......... #.##%. ......#######
#.##.# ##.#...# # .....#
#......# # #.#..# ###..#...# # .
#.#..# #........# # ..g #.#..#
#........# #
#....###.#..#####.....#..#######
#y..!........y@......#.........
..yy.###.....####.....#......#..
##. #.....................#..
#.....####.#####..#..>#..
#......####.#####..#...#..
#..................#...##.
#....#...##........#...##.
#...#.#...................
#..#._.#.##..)##.#######..


You could see a killer bee.

Vanquished Creatures
  An adder (D:2)
  A dart slug (D:1)
  2 giant cockroaches
  2 goblins (D:1)
  3 hobgoblins (D:1)
  4 jackals
  5 bats
  4 frilled lizards
  4 kobolds
  5 rats
31 creatures vanquished.

Notes
Turn   | Place    | Note
-------+----------+-------------------------------------------
     0 | D:1      | Gazerockf the Kobold Hunter began the quest for the Orb.
     0 | D:1      | Reached XP level 1. HP: 12/12 MP: 1/1
   223 | D:1      | Reached XP level 2. HP: 11/17 MP: 2/2
   714 | D:1      | Reached XP level 3. HP: 21/21 MP: 3/3
  1107 | D:2      | Found a faded altar of an unknown god.
  1490 | D:2      | Found a white marble altar of Elyvilon.
  1632 | D:2      | Noticed a killer bee
  1633 | D:2      | Noticed a killer bee
  1633 | D:2      | Noticed a killer bee
  1634 | D:2      | Noticed a killer bee
  1647 | D:2      | HP: 1/21 [killer bee (2)]
  1648 | D:2      | Succumbed to a killer bee's poison

Skill      XL: |  1  2  3 |
---------------+----------+-----
Stealth        | 2 3 4 |  4.9
Fighting       | |  2.1
Crossbows      | |  4.8
Dodging        | |  2.4

Action                   || total
-------------------------++-------
Melee: Short sword       ||   173
 Fire: Hand crossbow     ||     8
  Use: Scroll            ||     1
 Stab: Sleeping          ||     4
  Eat: Chunk             ||    11
Armor: Leather armour    ||    78
Dodge: Dodged            ||   276
